 Dungeon Crawl Stone Soup version 0.25.0-46-gbd7b0854d2 (webtiles) character file.

Game seed: 7774236380752019771

13602 funkygono the Grappler (level 11, 0/97 HPs)
             Began as a Troll Hunter on July 15, 2020.
             Was the Champion of Ru.
             Slain by a blink frog (8 damage)
             ... on level 1 of the Lair of Beasts on July 16, 2020.
             The game lasted 00:39:54 (9515 turns).

funkygono the Grappler (Troll Hunter)               Turns: 9515, Time: 00:39:56

Health: 0/97       AC: 14    Str: 24    XL:     11   Next: 77%
Magic:  19/19      EV: 12    Int:  5    God:    Ru [******]
Gold:   656        SH:  0    Dex: 11    Spells: 9/10 levels left

rFire    x . .     SeeInvis .     - Unarmed
rCold    x . .     Gourm    +   (no shield)
rNeg     . . .     Faith    .   c - +0 acid dragon scales
rPois    +         Spirit   .   (helmet restricted)
rElec    .         Reflect  .   u - +2 cloak "Yshopin" {*Corrode rPois MR+}
rCorr    +         Harm     .   (gloves unavailable)
MR       +....                  (boots unavailable)
Stlth    +.........             (no amulet)
HPRegen  0.66/turn              n - ring of wizardry
MPRegen  0.16/turn              t - ring of magical power

@: no status effects
A: large, unfitting armour, claws 3, dopey 1, fast metabolism 3, gourmand,
regeneration 1, shaggy fur 1, tough skin 3, inability to use devices, no earth
magic, no translocations magic, no transmutations magic, temperature sensitive
a: Draw Out Power, Power Leap, Apocalypse, Renounce Religion


You were on level 1 of the Lair of Beasts.
You worshipped Ru.
Ru was exalted by your worship.
You were very full.

You visited 3 branches of the dungeon, and saw 12 of its levels.

You collected 656 gold pieces.

Inventory:

Hand Weapons
 B - a +5 morningstar
Missiles
 l - 35 poisoned darts (quivered)
Armour
 a - a +0 troll leather armour
 c - +0 acid dragon scales (worn)
 u - the +2 cloak "Yshopin" (worn) {*Corrode rPois MR+}
   (You found it on level 6 of the Dungeon)

   It protects you from poison.
   It affects your resistance to hostile enchantments.
   It may corrode you when you take damage.
Jewellery
 b - an uncursed amulet of magic regeneration {unknown}
 n - a ring of wizardry (left claw)
 q - an uncursed ring of wizardry
 t - a ring of magical power (right claw)
 A - an uncursed ring of fire
Scrolls
 g - a scroll of identify
 m - 2 scrolls of blinking
 o - 2 scrolls of remove curse
 x - 2 scrolls of teleportation
Potions
 e - a potion of stabbing
 h - 2 potions of lignification
 i - 3 potions of brilliance
 j - a potion of magic
 k - a potion of curing {unknown}
 p - a potion of haste
 z - 3 potions of mutation {unknown}
 C - a potion of flight {unknown}
Comestibles
 d - a chunk of flesh
 f - 21 rations


   Skills:
 + Level 3.4 Fighting
 + Level 10.0 Throwing
 + Level 3.7 Armour
 + Level 7.3 Dodging
 - Level 0.3 Stealth
 + Level 12.2 Unarmed Combat


You had 9 spell levels left.
You knew the following spells:

 Your Spells              Type           Power        Failure   Level  Hunger
a - Magic Dart            Conj           #...         26%         1    ##.....

Your spell library contained the following spells:

 Spells                   Type           Power        Failure   Level  Hunger
 Shock                    Conj/Air       #...         26%         1    ##.....
 Summon Small Mammal      Summ           #...         26%         1    ##.....
 Searing Ray              Conj           #.....       36%         2    ###....
 Dazzling Flash           Conj/Hex       #.....       58%         3    ####...
 Mephitic Cloud           Conj/Pois/Air  #.......     58%         3    ####...
 Fulminant Prism          Conj/Hex       #.........   92%         4    #####..
 Conjure Ball Lightning   Conj/Air       #.........   100%        6    #######
 Dragon's Call            Summ           #.........   100%        9    #######
 Iskenderun's Mystic Bla  Conj/Tloc      Unusable     N/A         4    N/A

Dungeon Overview and Level Annotations

Branches:
Dungeon (10/15)            Temple (1/1) D:4            Lair (1/6) D:8
    Orc (0/2) D:10

Altars:
Ashenzari
Cheibriados
Dithmenos
Elyvilon
Fedhas
Gozag
Hepliaklqana
Kikubaaqudgha
Makhleb
Nemelex Xobeh
Okawaru
Qazlal
Ru
Sif Muna
Trog
Uskayaw
Vehumet
Wu Jian
Xom
Yredelemnul
Zin
The Shining One

Shops:
D:10 !

Portals:
Trove: D:10 (give +3 storm dragon scales)


Innate Abilities, Weirdness & Mutations

You are too large for most types of armour.
You have claws for hands.
You are dopey. (Int -2)
Your metabolism is lightning-fast.
You like to eat raw meat.
Your natural rate of healing is unusually fast.
You are covered in fur. (AC +1)
You have extremely tough skin. (AC +3)
You cannot study or use magical devices.
You cannot study or cast Earth magic.
You cannot study or cast Translocations magic.
You cannot study or cast Transmutations magic.
You are sensitive to extremes of temperature. (rF-, rC-)


Message History

The wolf misses you.
You barely miss the wolf. Your claw misses the wolf.
The wolf is heavily wounded.
The blink frog hits you!
* * * LOW HITPOINT WARNING * * *
You redirect the wolf's attack!
The wolf bites the blink frog!
The blink frog hits you!
* * * LOW HITPOINT WARNING * * *
You focus your will and blind the blink frog in retribution!
You scratch the wolf but do no damage.
The wolf is heavily wounded.
The wolf closely misses you.
The blink frog blinks!
The blink frog begins to attack, but is stunned by your will!
You scratch the wolf but do no damage.
The wolf is heavily wounded.
The wolf bites you.
* * * LOW HITPOINT WARNING * * *
You focus your will and illuminate the wolf in retribution!
The wolf bites you but does no damage. The blink frog hits you!
You die...

#..(.(..# #.......# #.......#
#....>... ##.(.....#
#....(..# #........#
#........ #.......#
#.......#### ##### #.....[.#
#.......#.§###P@†###.......#
#.............hF§..........#
#..........................#
.(.........................#
...........................#
...........................#
.................F..}......#
.....[...........[.........##
.........#.#########........#


You could see 2 blink frogs and a wolf (corona).

Vanquished Creatures
  A vault guard (D:10)
  A two-headed ogre (D:8)
  2 unseen horrors (D:10)
  Pikel (D:8)
  A spiny frog (Lair:1)
  3 centaur skeletons
  Maggie (D:8)
  3 trolls
  A blink frog (Lair:1)
  2 hippogriffs
  A spriggan (D:7)
  2 wyverns
  9 yaks (D:9)
  A steam dragon (D:8)
  2 hungry ghosts
  Edmund (D:5)
  4 water moccasins
  3 ice beasts
  5 orc warriors (D:10)
  A slave (D:8)
  A black bear (D:6)
  3 sky beasts
  5 ogres
  7 wolves
  5 centaurs
  A crocodile (D:9)
  8 bullfrogs
  A water moccasin zombie (D:8)
  7 scorpions
  3 wights (D:9)
  8 howler monkeys
  9 electric eels
  4 centaur zombies
  A crimson imp (D:10)
  10 hounds
  3 jellies
  A quasit (D:10)
  8 orc priests
  A bullfrog zombie (D:5)
  6 orc wizards
  6 iguanas
  7 worker ants
  A hound zombie (D:5)
  12 adders
  6 gnolls
  A shadow imp (D:8)
  2 oozes
  2 adder skeletons
  3 worms
  8 leopard geckos
  28 orcs
  3 ball pythons
  8 bats
  4 giant cockroaches
  13 goblins
  9 hobgoblins
  6 jackals
  4 kobolds
  5 quokkas
  7 frilled lizards
  A quokka skeleton (D:5)
  11 rats
284 creatures vanquished.

Vanquished Creatures (others)
  An adder zombie (D:8)
  An orc (D:10)
2 creatures vanquished.

Grand Total: 286 creatures vanquished

Notes
Turn   | Place    | Note
-------+----------+-------------------------------------------
     0 | D:1      | funkygono the Troll Hunter began the quest for the Orb.
     0 | D:1      | Reached XP level 1. HP: 19/19 MP: 0/0
   119 | D:1      | Reached XP level 2. HP: 28/28 MP: 1/1
   304 | D:1      | Reached XP level 3. HP: 35/35 MP: 2/2
   597 | D:1      | Reached skill level 1 in Unarmed Combat
  1030 | D:2      | Reached XP level 4. HP: 42/42 MP: 3/3
  1166 | D:2      | Reached skill level 2 in Unarmed Combat
  1393 | D:3      | Reached skill level 5 in Throwing
  1393 | D:3      | Reached XP level 5. HP: 19/49 MP: 4/4
  1649 | D:3      | Found a stormy altar of Qazlal.
  1777 | D:3      | Found a radiant altar of Vehumet.
  2302 | D:4      | Reached skill level 3 in Unarmed Combat
  2409 | D:4      | Found a staircase to the Ecumenical Temple.
  2422 | D:4      | Reached XP level 6. HP: 54/57 MP: 5/5
  2447 | Temple   | Entered the Ecumenical Temple
  2529 | Temple   | Became a worshipper of Ru the Awakened
  2631 | D:4      | Found a sparkling altar of Nemelex Xobeh.
  3263 | D:5      | Entered Level 5 of the Dungeon
  3266 | D:5      | Reached skill level 4 in Unarmed Combat
  3266 | D:5      | Reached XP level 7. HP: 65/65 MP: 6/6
  3511 | D:5      | Reached skill level 5 in Unarmed Combat
  3782 | D:5      | Noticed Edmund
  3785 | D:5      | Gained mutation: You are sensitive to extremes of
                  | temperature. (rF-, rC-) [Ru sacrifice]
  3785 | D:5      | Reached * piety under Ru
  3785 | D:5      | Reached ** piety under Ru
  3794 | D:5      | Killed Edmund
  3794 | D:5      | Reached XP level 8. HP: 61/72 MP: 7/7
  4173 | D:6      | Reached skill level 6 in Unarmed Combat
  4264 | D:6      | Reached skill level 7 in Unarmed Combat
  4266 | D:6      | Got a translucent cloak
  4272 | D:6      | Identified the +2 cloak "Yshopin" {*Corrode rPois MR+} (You
                  | found it on level 6 of the Dungeon)
  4320 | D:6      | Identified the Compendium of Air and Companions
  4819 | D:7      | Reached XP level 9. HP: 48/79 MP: 8/8
  4922 | D:7      | Found a shattered altar of Ashenzari.
  5672 | D:8      | Gained mutation: You cannot study or cast Earth magic. [Ru
                  | sacrifice]
  5672 | D:8      | Gained mutation: You cannot study or cast Transmutations
                  | magic. [Ru sacrifice]
  5672 | D:8      | Gained mutation: You cannot study or cast Translocations
                  | magic. [Ru sacrifice]
  5672 | D:8      | Reached *** piety under Ru
  5713 | D:8      | Reached skill level 8 in Unarmed Combat
  5716 | D:8      | Found an iron altar of Okawaru.
  6061 | D:8      | Learned a level 1 spell: Magic Dart
  6087 | D:8      | Reached skill level 5 in Dodging
  6087 | D:8      | Reached skill level 9 in Unarmed Combat
  6279 | D:8      | Noticed Maggie
  6295 | D:8      | Noticed a two-headed ogre
  6309 | D:8      | Killed a two-headed ogre
  6309 | D:8      | Reached XP level 10. HP: 29/89 MP: 9/9
  6333 | D:8      | HP: 1/89 [Maggie/+0 glaive (16)]
  6335 | D:8      | Killed Maggie
  6693 | D:8      | Found a staircase to the Lair.
  6750 | D:8      | Reached skill level 10 in Unarmed Combat
  6845 | D:8      | Noticed Pikel
  6859 | D:8      | Killed Pikel
  7306 | D:9      | Reached skill level 1 in Armour
  7449 | D:9      | Gained mutation: You are dopey. (Int -2) [Ru sacrifice]
  7449 | D:9      | Reached **** piety under Ru
  7726 | D:9      | Noticed a moth of wrath
  7729 | D:9      | Found a bloodstained altar of Trog.
  7825 | D:9      | Reached XP level 11. HP: 89/97 MP: 10/10
  8120 | D:10     | Entered Level 10 of the Dungeon
  8144 | D:10     | Killed an unseen horror
  8144 | D:10     | Reached skill level 11 in Unarmed Combat
  8359 | D:10     | Found Lugoitou's Distillery.
  8404 | D:10     | Gained mutation: You cannot study or use magical devices.
                  | [Ru sacrifice]
  8404 | D:10     | Reached ***** piety under Ru
  8404 | D:10     | Reached ****** piety under Ru
  8506 | D:10     | Killed an unseen horror
  8907 | D:10     | Found a staircase to the Orcish Mines.
  9159 | D:10     | Noticed a vault guard
  9167 | D:10     | Killed a vault guard
  9172 | D:10     | Found a portal to a secret trove of treasure.
  9335 | Lair:1   | Entered Level 1 of the Lair of Beasts
  9347 | Lair:1   | Reached skill level 12 in Unarmed Combat
  9499 | Lair:1   | HP: 3/97 [blink frog (6)]
  9507 | Lair:1   | Reached skill level 10 in Throwing
  9515 | Lair:1   | Slain by a blink frog

Illustrated notes

Levels and vault maps discovered:
D:1:      shiori_arrival_elements, layout_basic, serial_glass, glass_columns_b,
          glass_columns_c, glass_columns_b, glass_columns_b, glass_columns_a,
          glass_columns_a, glass_columns_a, glass_columns_a, glass_columns_a,
          glass_columns_c, glass_columns_a, glass_columns_b, glass_columns_b,
          glass_columns_c, feat_on_display, item_on_display_a,
          item_on_display_a, minmay_pentomino_q4
D:2:      layout_basic
D:3:      layout_basic, fiery_altar_vehumet, grunt_qazlal_sundering
D:4:      layout_cave_pods, nemelex_xobeh_ov_fountains_minmay,
          minmay_temple_entry_gardened_gates, first_ration
D:5:      layout_loops_cross, uniq_edmund
D:6:      layout_rooms
D:7:      layout_basic, marbit_many_paths, the_bakery
D:8:      layout_basic, okawaru_trees_2, erik_lair_island,
          minmay_misc_feat_square, uniq_pikel, uniq_maggie
D:9:      layout_basic, tgw_trog
D:10:     layout_cave_pools, erik_orc_2, serial_shops, shop, enter_trove_5
Temple:   lightli_temple_of_artemis
Lair:1:   layout_big_grid

Skill      XL: |  1  2  3  4  5  6  7  8  9 10 11 |
---------------+----------------------------------+-----
Throwing       | 4 5 6 7 8 9 10 | 10.0
Unarmed Combat | 1 2 3 4 5 7 9 10 12 | 12.2
Dodging        | 2 3 5 6 7 |  7.3
Fighting       | 2 3 |  3.4
Armour         | 2 3 |  3.7
Stealth        | |  0.3

Action                   |  1- 3 |  4- 6 |  7- 9 | 10-12 || total
-------------------------+-------+-------+-------+-------++-------
Melee: Unarmed           |    63 |    88 |   156 |   379 ||   686
       Punch             |       |     1 |     9 |    20 ||    30
Throw: Large rock        |    45 |    36 |    46 |    17 ||   144
       Throwing net      |     2 |     1 |     1 |       ||     4
       Dart              |       |       |       |    58 ||    58
 Cast: Magic Dart        |       |       |     5 |     4 ||     9
Invok: Sacrifice Resista |       |       |     1 |       ||     1
       Sacrifice Arcana  |       |       |     1 |       ||     1
       Power Leap        |       |       |       |     1 ||     1
       Sacrifice Purity  |       |       |       |     1 ||     1
       Draw Out Power    |       |       |       |     1 ||     1
       Sacrifice Artific |       |       |       |     1 ||     1
  Use: Scroll            |     5 |     7 |     6 |     7 ||    25
       Potion            |       |       |       |     6 ||     6
 Stab: Sleeping          |       |       |     2 |       ||     2
       Distracted        |       |       |     1 |       ||     1
       Invisible         |       |       |       |     1 ||     1
       Paralysed         |       |       |       |     1 ||     1
  Eat: Chunk             |    15 |    18 |    34 |    36 ||   103
Armor: Robe              |    36 |    32 |    24 |       ||    92
       Steam dragon scal |       |       |    30 |     3 ||    33
       Acid dragon scale |       |       |       |   178 ||   178
Dodge: Dodged            |    44 |    26 |    82 |   217 ||   369
